 Dungeon Crawl Stone Soup version 0.31-a0-965-g8a8ce12e04 (webtiles) character file.

Game seed: 8672111287965292131

251 Arex the Ducker (level 5, -3/33 HPs)
             Began as a Vampire Monk on Oct 26, 2023.
             Slain by a gnoll
             ... wielding a +0 whip
             ... led by a gnoll bouda
              (6 damage)
             ... on level 4 of the Dungeon.
             The game lasted 00:05:55 (4245 turns).

Arex the Ducker (Vampire Monk)                      Turns: 4245, Time: 00:05:55

Health: -3/33      AC:  0    Str:  7 (10) XL:     5   Next: 88%
Magic:  5/5        EV: 23    Int: 12 (13) God:
Gold:   171        SH:  0    Dex: 23      Spells: 4/4 levels left

rFire   . .          .
                       - Unarmed
rCold   + + .        c - melded orb {light}
rNeg    + + +        a - melded +0 robe
rPois   ∞            (helmet currently unavailable)
rElec   .            (cloak currently unavailable)
rCorr   .            (gloves currently unavailable)
SInv    +            (boots currently unavailable)
Will    .....        (no amulet)
Stlth   +++++        o - melded ring of protection from fire
HPRegen 0.00/turn    (ring currently unavailable)
MPRegen 0.09/turn

%: no passive effects
@: bat-form, flying, bloodless, inhibited regen, very quick
A: fast, flying, no casting, tiny, bloodless, fangs 3, see invisible, vampiric 2
a: Revivify, End Transformation


You were on level 4 of the Dungeon.
You were a vampire bat.
You visited 1 branch of the dungeon, and saw 4 of its levels.

You collected 171 gold pieces.

Inventory:

Armour
 a - a +0 robe (melded)
 c - an orb of light (melded)
 h - a scarf of invisibility
Jewellery
 k - a ring of poison resistance
 o - a ring of protection from fire (melded)
 q - a ring of protection from fire
Scrolls
 j - a scroll of revelation {unknown}
 l - a scroll of vulnerability {unknown}
 m - 2 scrolls of torment {unknown}
 n - 2 scrolls of poison {unknown}
 r - 2 scrolls of teleportation
Potions
 b - a potion of ambrosia
 d - a potion of enlightenment {unknown}
 e - a potion of mutation {unknown}
 f - a potion of haste {unknown}
 g - 4 potions of attraction
 i - a potion of lignification {unknown}
 p - a potion of heal wounds {unknown}
 s - a potion of curing {unknown}


   Skills:
 + Level 3.7 Fighting
 + Level 4.6 Dodging
 + Level 4.3 Stealth
 + Level 4.6 Unarmed Combat


You had 4 spell levels left.
You didn't know any spells.
Your spell library contained the following spells:

 Spells                   Type           Power      Damage    Failure   Level
 Sublimation of Blood     Necr           0%         N/A       45%         2
 Wereblood                Tmut           0%         N/A       45%         2
 Summon Hydra             Summ           0%         N/A       100%        7


Dungeon Overview and Level Annotations

Branches:
Dungeon (4/15)
 Temple: D:4-7

Altars:

Shops:
D:1 =


Innate Abilities, Weirdness & Mutations

You are a vampire bat.
You are tiny and dextrous.
You move quickly.
You are flying.
You are immune to poison.
Your equipment is almost entirely melded.
You are incapable of wielding weapons or throwing items.
You cannot cast spells.
You do not regenerate when monsters are visible.
You are frail without blood (-20% HP).
You can heal yourself when you bite living creatures.
You are immune to poison.
You have razor-sharp teeth.
You have supernaturally acute eyesight. (SInv)
You are afflicted with vampirism and can become a bat while bloodless.


Message History

You hit the gnoll. You bite the gnoll.
You draw the gnoll's blood!
You feel better.
The gnoll is almost dead.
The gnoll closely misses you.
You barely miss the gnoll. You bite the gnoll.
You kill the gnoll!
You feel your strength returning.
You closely miss the gnoll. The gnoll completely misses you.
The gnoll barely misses you.
You hit the gnoll.
The gnoll is moderately wounded.
The gnoll misses you. The gnoll hits you with a +0 whip.
You hit the gnoll.
The gnoll is moderately wounded.
The gnoll is no longer moving quickly.
The gnoll bouda barks out a call to the hunt!
The gnoll picks up the pace!
The gnoll hits you from afar with a +0 halberd.
The gnoll completely misses you.
You hit the gnoll.
The gnoll is heavily wounded.
The gnoll barely misses you. The gnoll completely misses you.
You hit the gnoll.
The gnoll is heavily wounded.
The gnoll misses you.
You barely miss the gnoll.
The gnoll is heavily wounded.
The gnoll completely misses you.
You barely miss the gnoll.
The gnoll is heavily wounded.
The gnoll bouda calls upon its god to heal the gnoll.
The gnoll is healed somewhat.
You completely miss the gnoll. You bite the gnoll.
You draw the gnoll's blood!
You feel better.
The gnoll is moderately wounded.
The gnoll hits you with a +0 whip.
The gnoll hits you from afar with a +0 halberd!
* * * LOW HITPOINT WARNING * * *
The gnoll attacks as it pursues you! The gnoll hits you with a +0 whip.
You die...

## #.#.#... #
.#J#......##.# #.#
.#...# ..... #.#
.#...####.####.#.#
?...Jggg?......#.#
.###..#####.####.###
......# #..###...
###......###Jg##.#####
...[....# ##g)gb....#
.!.....###
####.###.### ###
.......+ ...[....#
#...# #<# .......#
#############.### #.#
.5..# #....# #...# #.#
....# #.##.# ###.# #..
#.##.#####.# ###
#####+##.......# #
#.........###### ####


You could see a gnoll bouda, 2 gnolls and an endoplasm.

Vanquished Creatures
  A jelly (D:4)
  A gnoll bouda (D:3)
  6 gnolls
  5 adders
  An ufetubus (D:4)
  3 worms
  3 dart slugs
  6 ball pythons
  3 endoplasms
  3 giant cockroaches (D:1)
  11 goblins
  9 hobgoblins
  2 quokkas (D:1)
  4 bats
  2 frilled lizards
  10 kobolds
  5 rats
75 creatures vanquished.

Notes
Turn   | Place    | Note
-------+----------+-------------------------------------------
     0 | D:1      | Arex the Vampire Monk began the quest for the Orb.
     0 | D:1      | Reached XP level 1. HP: 17/17 MP: 1/1
   159 | D:1      | Reached skill level 1 in Stealth
   208 | D:1      | Reached XP level 2. HP: 23/23 MP: 2/2
   253 | D:1      | Found Puitom's Jewellery Emporium.
   502 | D:1      | Gained mutation: You are afflicted with vampirism and can
                  | become a bat while bloodless. [Vampire growth]
   502 | D:1      | Reached XP level 3. HP: 20/29 MP: 3/3
  1577 | D:2      | Reached XP level 4. HP: 27/28 MP: 4/4
  1606 | D:2      | Identified the +2 robe of Morality {Str+3 Dex-4}
  2143 | D:3      | Found a faded altar of an unknown god.
  2838 | D:3      | Reached XP level 5. HP: 31/32 MP: 5/5
  4245 | D:4      | Slain by a gnoll

Illustrated notes

Levels and vault maps discovered:
D:1:      dpeg_arrival_water_fire, layout_basic, serial_shops, shop,
          fountainhead
D:2:      layout_basic
D:3:      layout_loops_corners, ebering_ecumenical_altar_abandoned,
          nicolae_grassy_gnolls
D:4:      layout_basic, portal_sewer_entry_f, minmay_circle_x

Skill      XL: |  1  2  3  4  5 |
---------------+----------------+-----
Stealth        | 1 2 3 4 |  4.3
Fighting       | 3 |  3.7
Dodging        | 4 |  4.6
Unarmed Combat | 4 |  4.6

Action                     |  1- 3 |  4- 6 || total
---------------------------+-------+-------++-------
  Melee: Unarmed           |   167 |   161 ||   328
         Bite              |    15 |    19 ||    34
Ability: Bat Form          |     1 |     1 ||     2
         Exsanguinate      |     1 |       ||     1
         End Transformatio |       |     1 ||     1
    Use: Scroll            |       |     2 ||     2
   Stab: Sleeping          |     7 |    13 ||    20
         Distracted        |       |     1 ||     1
 Armour: Robe              |    27 |       ||    27
         Skin              |    17 |    34 ||    51
  Dodge: Dodged            |   120 |   114 ||   234

Table legend: (Time is in decaauts)
 A = Elapsed time spent in this place.
 B = Non-inter-level travel time spent in this place.
 C = Inter-level travel time spent in this place.
 D = Time resting spent in this place.
 E = Time spent auto-exploring this place.
 F = Levels seen in this place.
 G = Mean time per level.
                   A        B        C        D        E       F      G
               +--------+--------+--------+--------+--------+-----+--------+
         Total |   3255 |   3128 |    127 |    721 |   1655 |   4 |  813.8 |
       Dungeon |   3255 |   3128 |    127 |    721 |   1655 |   4 |  813.8 |
               +--------+--------+--------+--------+--------+-----+--------+

Top non-repeatable levels by time:
     D:3: 1267 daAuts
     D:1: 1004 daAuts
     D:2: 768 daAuts
     D:4: 214 daAuts
